Map: Emerald City LE

Players

Lomion

  • Race: Zerg Zerg
  • League: Gold
  • Spawn Location: 5:00

Daimos

  • Race: Protoss Protoss
  • League: Diamond
  • Spawn Location: 5:00

Massa

  • Race: Terran Terran
  • League: Gold
  • Spawn Location: 11:00

qqq

  • Race: Zerg Zerg
  • League: Platinum
  • Spawn Location: 11:00

VOD

Have the link to the VOD?

Description

Time

  • Played on: May 24, 2020, 5:06 a.m.
  • Length: 12:09
Show
View Real Time Build Order
Export as new Build Order

Lomion Zerg 

Build Orders: Hatch First, Lurkers 

Get SALT Encoding   

  12  0:01  Drone  
  13  0:12  Overlord  
  13  0:17  Drone  
  14  0:30  Drone x2  
  16  0:51  Hatchery  
  16  0:57  Drone x2  
  17  1:00  Drone  
  17  1:04  Extractor  
  17  1:17  Spawning Pool  
  16  1:21  Drone  
  16  1:24  Drone  
  18  1:29  Drone  
  19  1:40  Drone  
  20  2:04  Queen  
  20  2:05  Queen  
  20  2:06  Metabolic Boost  
  20  2:07  Zergling x2  
  25  2:10  Zergling x2  
  25  2:14  Zergling x2  
  26  2:17  Zergling x2  
  26  2:22  Drone  
  28  2:27  Overlord  
  28  2:37  Overlord  
  28  2:50  Drone  
  28  2:51  Drone x3  
  32  2:54  Pneumatized Carapace  
  32  2:56  Drone  
  33  2:59  Drone  
  34  3:10  Drone x2  
  36  3:16  Drone x2  
  36  3:17  Drone x2  
  40  3:21  Overlord  
  40  3:27  Baneling Nest  
  40  3:30  Extractor  
  40  3:31  Drone x2  
  40  3:34  Drone  
  40  3:37  Drone  
  40  3:38  Drone  
  43  3:50  Zergling x12  
  43  3:52  Zergling x2  
  43  3:54  Zergling x2  
  51  4:00  Overlord  
  51  4:05  Lair  
  51  4:08  Drone  
  52  4:14  Overlord  
  52  4:18  Queen  
  52  4:20  Baneling x6  
  53  4:26  Zergling x4  
  53  4:27  Zergling x4  
  53  4:30  Zergling x2  
  52  4:31  Zergling x2  
  50  4:43  Zergling x6  
  51  4:52  Drone x2  
  53  4:58  Extractor  
  52  5:00  Drone  
  52  5:01  Drone x2, Extractor  
  52  5:02  Drone x3  
  53  5:31  Roach Warren  
  53  5:34  Hydralisk Den  
  51  5:35  Drone  
  51  5:37  Zergling x16  
  60  5:43  Spine Crawler  
  60  5:47  Drone  
  60  5:48  Drone, Spine Crawler  
  60  5:51  Centrifical Hooks  
  60  5:55  Drone  
  61  6:00  Drone  
  61  6:01  Drone  
  61  6:03  Drone  
  64  6:05  Hydralisk  
  64  6:08  Overlord  
  64  6:09  Overlord x2  
  66  6:12  Grooved Spines  
  66  6:17  Lurker Den  
  66  6:18  Burrow  
  65  6:35  Hydralisk  
  65  6:36  Hatchery, Hydralisk  
  65  6:37  Hydralisk  
  70  6:48  Drone  
  70  6:50  Drone  
  70  6:54  Roach x4  
  80  6:55  Roach  
  78  7:20  Hydralisk x6  
  90  7:23  Muscular Augments  
  81  7:37  Drone, Evolution Chamber  
  81  7:38  Drone  
  81  7:39  Drone, Evolution Chamber  
  82  7:46  Infestation Pit  
  82  7:51  Queen  
  81  7:52  Drone x2  
  81  7:53  Drone x8  
  93  8:10  Lurker x3  
  96  8:12  Overlord  
  96  8:13  Overlord x2  
  96  8:15  Drone  
  97  8:22  Zerg Missile Weapons Level 1  
  97  8:28  Zerg Ground Armor Level 1  
  87  9:05  Hydralisk, Hive  
  87  9:06  Hydralisk x4  
  97  9:10  Zergling x2  
  97  9:11  Zergling x24  
  97  9:16  Extractor  
  109  9:18  Drone x2, Extractor  
  109  9:19  Drone  
  109  9:21  Glial Reconstitution  
  111  9:29  Overseer  
  111  9:32  Drone x3  
  111  9:33  Drone x5  
  119  9:44  Lurker  
  119  9:45  Lurker x2  
  122  9:50  Overlord x6  
  122  9:51  Overlord  
  122  10:05  Baneling x5  
  122  10:06  Baneling x7  
  122  10:11  Baneling  
  122  10:12  Baneling x3  
  122  10:24  Hydralisk  
  122  10:25  Hydralisk x3  
  121  10:56  Hydralisk x10  
  132  10:57  Hydralisk  
  132  10:58  Zergling x2  
  132  10:59  Zergling x18  
  152  11:08  Adaptive Talons  
  149  11:29  Hatchery  
Show
View Real Time Build Order
Export as new Build Order

Daimos Protoss 

Build Orders: Oracle Opening, Carriers 

Get SALT Encoding   

  12  0:02  Probe  
  13  0:14  Probe  
  13  0:18  Pylon  
  14  0:26  Probe (Chrono Boost)  
  15  0:38  Probe (Chrono Boost)  
  16  0:47  Probe (Chrono Boost), Gateway  
  17  0:54  Probe  
  18  1:13  Probe (Chrono Boost), Assimilator  
  18  1:16  Assimilator  
  19  1:23  Probe (Chrono Boost)  
  20  1:27  Probe (Chrono Boost)  
  21  1:35  Cybernetics Core  
  21  1:36  Pylon  
  21  1:41  Probe  
  22  1:54  Probe  
  23  2:06  Probe  
  24  2:12  Nexus  
  24  2:20  Pylon  
  24  2:24  Adept  
  24  2:27  Warp Gate  
  26  2:38  Stargate  
  26  2:52  Probe  
  26  2:57  Adept  
  29  3:04  Probe  
  30  3:12  Pylon  
  30  3:17  Probe (Chrono Boost)  
  30  3:19  Oracle (Chrono Boost)  
  31  3:25  Probe (Chrono Boost)  
  35  3:29  Probe (Chrono Boost)  
  35  3:34  Probe (Chrono Boost)  
  35  3:37  Probe (Chrono Boost)  
  35  3:39  Probe (Chrono Boost)  
  35  3:40  Gateway  
  36  3:44  Gateway  
  37  4:02  Fleet Beacon  
  37  4:07  Assimilator  
  37  4:08  Probe (Chrono Boost)  
  39  4:10  Probe (Chrono Boost)  
  39  4:20  Probe (Chrono Boost)  
  39  4:22  Protoss Air Weapons Level 1  
  41  4:24  Probe (Chrono Boost)  
  41  4:30  Adept  
  43  4:39  Adept x2  
  45  5:09  Carrier (Chrono Boost)  
  51  5:17  Adept x2  
  51  5:18  Adept  
  57  5:24  Assimilator  
  57  5:50  Probe x2  
  57  5:54  Adept  
  61  6:01  Twilight Council  
  61  6:02  Probe  
  62  6:22  Pylon  
  62  6:24  Pylon  
  62  6:25  Pylon  
  62  6:31  Protoss Air Weapons Level 2 (Chrono Boost)  
  62  6:40  Probe  
  62  6:41  Carrier (Chrono Boost)  
  62  6:44  Probe  
  70  6:52  Resonating Glaives (Chrono Boost)  
  70  6:53  Probe  
  71  6:56  Probe  
  71  6:57  Forge, Adept  
  71  6:58  Adept x2  
  78  7:05  Probe  
  78  7:08  Nexus, Stargate  
  79  7:10  Pylon x2  
  79  7:18  Adept x3  
  85  7:31  Photon Cannon  
  85  7:33  Photon Cannon  
  85  7:35  Photon Cannon  
  85  7:36  Photon Cannon  
  85  7:38  Photon Cannon  
  85  7:40  Photon Cannon  
  85  7:41  Adept x3  
  91  7:47  Protoss Shields Level 1  
  91  7:54  Carrier  
  97  8:16  Probe x2  
  97  8:17  Pylon  
  99  8:20  Carrier  
  99  8:23  Pylon  
  105  8:33  Adept x2  
  105  8:34  Adept  
  109  8:59  Carrier  
  115  9:05  Probe x2  
  115  9:06  Probe  
  118  9:10  Shield Battery  
  118  9:16  Shield Battery  
  118  9:17  Probe  
  118  9:18  Probe x2  
  118  9:19  Pylon  
  118  9:23  Assimilator  
  121  9:24  Carrier (Chrono Boost)  
  121  9:27  Assimilator  
  121  9:29  Probe  
  122  10:00  Carrier (Chrono Boost)  
  122  10:22  Adept  
  122  10:23  Carrier (Chrono Boost), Adept  
  132  10:30  Probe x3  
  135  10:42  Probe x3  
  123  10:52  Adept x3  
  123  10:54  Probe  
  128  10:57  Carrier  
  134  11:15  Probe  
  134  11:16  Probe x2  
  135  11:27  Probe  
  135  11:28  Probe x2  
  138  11:39  Probe (Chrono Boost)  
  139  11:45  Probe (Chrono Boost)  
  139  11:46  Pylon  
  140  11:47  Pylon  
  140  11:49  Pylon  
Show
View Real Time Build Order
Export as new Build Order

Massa Terran 

Build Orders:  

Get SALT Encoding   

  12  0:14  Supply Depot  
  12  0:17  SCV  
  13  0:29  SCV  
  14  0:40  Barracks  
  14  0:50  SCV  
  15  1:02  SCV  
  16  1:14  SCV  
  17  1:26  SCV  
  17  1:31  Marine, Supply Depot  
  19  1:44  Barracks  
  19  1:48  Marine  
  20  2:06  Marine  
  20  2:07  Orbital Command  
  21  2:15  Refinery  
  21  2:27  Marine  
  21  2:29  Barracks  
  22  2:33  Barracks, Marine  
  23  2:42  Supply Depot  
  23  2:44  SCV  
  23  2:48  Marine  
  23  2:50  Marine  
  25  2:56  SCV  
  26  3:06  Marine  
  26  3:08  SCV, Marine  
  29  3:18  Marine  
  30  3:20  Marine  
  30  3:23  Marine  
  30  3:24  Supply Depot  
  30  3:26  Marine  
  33  3:36  Marine  
  33  3:38  Marine  
  35  3:41  Marine  
  35  3:44  Marine  
  35  3:46  Supply Depot  
  37  3:53  Marine  
  38  3:56  Marine  
  38  3:59  Marine  
  38  4:02  Marine  
  41  4:09  Factory  
  41  4:11  Marine  
  41  4:14  Marine  
  43  4:17  Marine  
  43  4:19  Marine  
  45  4:29  Marine  
  46  4:31  Marine  
  46  4:35  Marine  
  46  4:37  Marine  
  39  4:47  Marine  
  39  4:49  Marine  
  41  4:52  Marine  
  41  4:54  Command Center  
  41  4:55  Marine  
  43  5:05  Marine  
  42  5:07  Marine  
  42  5:10  Marine  
  42  5:20  Marine  
  35  5:22  Factory Tech Lab, Marine  
  35  5:25  SCV  
  37  5:38  SCV  
  38  5:46  Barracks Tech Lab  
  38  5:47  Barracks Reactor, Marine x2  
  40  5:50  SCV  
  40  5:54  Bunker  
  41  6:02  SCV  
  42  6:05  Marine x2  
  44  6:14  SCV  
  45  6:19  Engineering Bay  
  45  6:21  Supply Depot  
  45  6:22  Orbital Command  
  45  6:23  Marine  
  46  6:26  SCV, Siege Tank  
  45  6:43  Supply Depot  
  44  7:02  Terran Infantry Weapons Level 1  
  44  7:07  Supply Depot  
  44  7:29  Supply Depot  
  44  7:37  Missile Turret  
  44  7:41  SCV x2  
  46  7:50  Engineering Bay  
  46  7:53  SCV x2  
  46  7:55  Missile Turret  
  46  7:57  Missile Turret  
  48  7:59  Starport  
  48  8:05  SCV x2  
  50  8:09  Combat Shield  
  50  8:17  Missile Turret  
  50  8:18  Missile Turret  
  50  8:24  Barracks Reactor  
  50  8:28  Terran Infantry Armor Level 1  
  50  8:38  Missile Turret  
  50  8:40  Missile Turret  
  50  8:46  Viking  
  52  8:50  Marine x4  
  56  9:01  Refinery  
  56  9:03  Refinery  
  56  9:07  Marine  
  56  9:08  Marine x3  
  60  9:11  Refinery  
  60  9:16  Viking  
  62  9:25  Marine x2  
  62  9:26  Marine x2  
  66  9:43  Marine x6  
  72  9:46  Viking  
  71  10:00  Marine  
  71  10:01  Marine x5  
  77  10:09  Stimpack  
  77  10:16  Viking  
  58  10:46  Viking  
  52  10:54  Siege Tank  
  48  11:02  Starport  
  48  11:16  Viking  
  50  11:23  Marine x6  
  43  11:40  Marine  
  43  11:41  Marine x5  
Show
View Real Time Build Order
Export as new Build Order

qqq Zerg 

Build Orders: Hatch First 

Get SALT Encoding   

  12  0:06  Drone  
  13  0:11  Drone  
  14  0:36  Hatchery  
  13  0:45  Overlord  
  13  0:47  Drone  
  14  0:59  Extractor  
  14  1:00  Drone  
  14  1:04  Drone  
  14  1:11  Drone  
  16  1:27  Drone  
  17  1:34  Spawning Pool  
  17  1:35  Drone  
  17  1:49  Drone  
  17  1:52  Drone x2  
  20  2:06  Overlord  
  20  2:10  Drone x2  
  22  2:20  Queen  
  22  2:22  Queen  
  26  2:23  Drone  
  26  2:26  Zergling x2  
  26  2:28  Zergling x2  
  29  2:33  Overlord  
  29  2:38  Zergling x2  
  30  2:44  Drone  
  30  2:45  Zergling x2  
  30  2:47  Metabolic Boost  
  32  2:59  Roach Warren  
  31  3:07  Zergling x4  
  31  3:09  Zergling x4  
  35  3:19  Zergling x2  
  36  3:20  Zergling x2  
  37  3:28  Overlord  
  37  3:35  Drone  
  37  3:38  Zergling x2  
  37  3:40  Zergling x2  
  40  3:43  Hatchery, Drone  
  40  3:48  Zergling x4  
  42  3:51  Zergling x2  
  42  3:55  Drone  
  44  3:56  Zergling x2  
  44  4:00  Roach  
  47  4:05  Zergling x2  
  47  4:06  Drone  
  49  4:15  Roach  
  49  4:25  Roach  
  42  4:42  Roach  
  42  4:43  Roach x3  
  47  4:49  Roach x2  
  47  4:50  Roach  
  51  4:53  Drone  
  51  4:54  Overlord  
  51  4:55  Overlord  
  51  4:59  Roach  
  54  5:03  Drone, Queen  
  57  5:11  Spine Crawler  
  57  5:12  Drone  
  57  5:13  Roach  
  59  5:26  Roach x2  
  63  5:31  Drone x3  
  63  5:32  Roach x2  
  70  5:38  Drone x2  
  70  5:40  Evolution Chamber  
  71  5:48  Spine Crawler  
  70  5:51  Roach  
  70  5:53  Drone, Overlord  
  73  5:58  Lair  
  73  6:06  Zerg Melee Weapons Level 1  
  73  6:12  Overlord x2  
  73  6:13  Roach  
  73  6:15  Drone  
  73  6:16  Drone  
  77  6:19  Zergling x2  
  78  6:27  Drone x3  
  81  6:35  Spore Crawler  
  80  6:40  Spore Crawler  
  80  6:41  Spore Crawler  
  80  6:43  Spore Crawler  
  77  6:47  Spore Crawler  
  77  6:48  Drone x4  
  77  6:50  Drone x2  
  77  6:51  Roach  
  84  6:57  Roach  
  84  7:00  Glial Reconstitution  
  86  7:05  Extractor  
  83  7:14  Drone  
  83  7:15  Drone  
  83  7:16  Queen  
  83  7:18  Zergling x2  
  83  7:19  Zergling x12  
  83  7:20  Zergling x2  
  93  7:23  Overlord  
  93  7:35  Drone x3  
  96  7:37  Spine Crawler  
  96  7:40  Spine Crawler  
  96  7:44  Roach x4  
  96  7:47  Drone  
  96  7:48  Drone x2  
  105  7:51  Extractor  
  105  7:54  Drone  
  105  8:09  Overlord  
  105  8:10  Infestation Pit  
  104  8:24  Hatchery  
  104  8:26  Roach  
  105  8:27  Drone x2  
  105  8:28  Drone x4  
  105  8:29  Overlord x3  
  111  8:36  Zerg Ground Armor Level 1  
  102  8:55  Roach x2  
  106  8:56  Roach  
  106  8:57  Drone x5  
  106  8:58  Drone x3  
  106  9:02  Spore Crawler  
  115  9:24  Drone x4  
  115  9:26  Hive  
  115  9:28  Roach x2  
  115  9:29  Zergling x2  
  115  9:30  Zergling x4  
  126  9:37  Extractor  
  125  9:49  Extractor  
  122  10:06  Drone x3  
  124  10:07  Queen  
  124  10:10  Roach x3  
  124  10:12  Zergling x8  
  124  10:13  Zergling x10  
  141  10:18  Extractor  
  140  10:24  Spore Crawler  
  140  10:26  Spine Crawler  
  140  10:28  Spine Crawler  
  137  10:29  Hatchery  
  136  10:38  Hatchery  
  99  10:52  Spire  
  99  10:55  Drone x5, Ultralisk Cavern  
  99  10:56  Drone x2  
  80  11:07  Zergling x8  
  84  11:15  Spore Crawler  
  84  11:16  Spore Crawler  
  69  11:38  Hatchery  
  68  11:41  Zergling x8  
  68  11:42  Zergling x4  
  74  11:48  Drone x2  
  74  11:49  Drone  
Tags
 
Add a new tag
Caveats
  • Supply blocks, unpowered buildings, or Contaminate may cause inaccurate times.
  • Supply counts are checked every 10 seconds.